 Dungeon Crawl Stone Soup version 0.17.1-1-g73c8601 (webtiles) character file.

187098 lucasterio the Bludgeoner (level 17, -9/122 HPs)
             Began as a Demonspawn Berserker on Dec 10, 2015.
             Was the Champion of Trog.
             Killed from afar by a deep elf conjurer (32 damage)
             ... with a bolt of negative energy
             ... on level 3 of the Elven Halls on Dec 11, 2015.
             The game lasted 03:26:34 (36571 turns).

lucasterio the Bludgeoner (Demonspawn Berserker)   Turns: 36571, Time: 03:26:35

Health: -9/122     AC: 23    Str: 28    XL:     17   Next: 86%
Magic:  22/22      EV: 14    Int:  9    God:    Trog [******]
Gold:   1589       SH:  3    Dex: 12    Spells: 0 memorised, 16 levels left

rFire  . . .     SeeInvis +     S - +0 quick blade (flame)
rCold  . . .     Clarity  .     F - +2 chain mail {MR+}
rNeg   . . .     SustAt   .     (no shield)
rPois  .         Gourm    .     (helmet restricted)
rElec  .         Spirit   .     T - +1 cloak {+Inv}
rCorr  .         Warding  .     D - +1 pair of gloves
rMut   +         Stasis   .     (boots unavailable)
MR     ++...                    v - amulet of resist mutation
Stlth  ..........               w - +3 ring of strength
                                i - +4 ring of evasion

@: lethally poisoned (-9 -> -13), heavily drained, very resistant to hostile
enchantments, extremely unstealthy
A: hooves 3, horns 1, large bone plates 2, see invisible, blink, frail 1,
nightstalker 2, spiny 2, augmentation 1
a: Blink, Berserk, Trog's Hand, Brothers in Arms, Burn Spellbooks, Renounce
Religion, Evoke Invisibility


You were on level 3 of the Elven Halls.
You worshipped Trog.
Trog was exalted by your worship.
You were not hungry.

You visited 4 branches of the dungeon, and saw 30 of its levels.
You visited 1 bazaar.
You also visited: Trove, Bailey and Volcano.

You collected 3937 gold pieces.
You spent 2348 gold pieces at shops.

Inventory:

Hand Weapons
 q - a +7 morningstar of protection
 r - the +11 shortbow of the Slime-mould {freeze, Str-5 Dex+5}
   (You bought it in a shop in a bazaar)

   It causes projectiles fired from it to freeze those they strike, causing
   extra injury to most foes and up to half again as much damage against
   particularly susceptible opponents.
   They can also slow down cold-blooded creatures.
   It affects your strength (-5).
   It affects your dexterity (+5).
 s - a +1 executioner's axe of distortion
 A - the +0 lajatang "Puimyelu" {drain, rN+ MR++ Dex-2}
   (You found it in a treasure trove)

   A truly terrible weapon, it drains the life of those it strikes.
   It affects your dexterity (-2).
   It protects you from negative energy.
   It affects your resistance to hostile enchantments.
 K - the +11 dire flail "Toomoc" {crush, rF+ Str+7 Int-2}
   (Trog gifted it to you on level 8 of the Dungeon)

   It inflicts extra damage upon your enemies.
   It affects your strength (+7).
   It affects your intelligence (-2).
   It protects you from fire.
 O - a +1 antimagic battleaxe
 P - a +4 flail of protection
 S - a +0 quick blade of flaming (weapon)
Missiles
 h - 501 arrows
 t - 79 tomahawks of returning (quivered)
 y - 33 arrows of dispersal
Armour
 B - the +1 fire dragon armour "Qaojemask" {+Fly rF++ rC- rN+ Int+2}
   (You found it on level 8 of the Lair of Beasts)

   It affects your intelligence (+2).
   It greatly protects you from fire.
   It makes you vulnerable to cold.
   It protects you from negative energy.
   It lets you fly.
 D - a +1 pair of gloves (worn)
 F - a +2 chain mail of magic resistance (worn)
 G - the +6 chain mail of Repulsion {rElec rF- rN+}
   (You found it on level 7 of the Lair of Beasts)

   It makes you vulnerable to fire.
   It insulates you from electricity.
   It protects you from negative energy.
 Q - a +0 shield
 T - a +1 cloak of invisibility (worn)
Jewellery
 g - the ring "Raba" {rC+ MP+9 Dex+3}
   (You found it in a treasure trove)

   [ring of magical power]

   It affects your dexterity (+3).
   It protects you from cold.
   It affects your magic capacity (+9).
 i - a +4 ring of evasion (left hand)
 l - an uncursed ring of fire
 v - an amulet of resist mutation (around neck)
 w - a +3 ring of strength (right hand)
 V - an uncursed ring of magical power
Wands
 b - a wand of lightning (9)
 p - a wand of paralysis (8)
 I - a wand of teleportation (4)
 M - a wand of hasting (4)
 W - a wand of disintegration (7)
Scrolls
 f - 4 scrolls of fear
 j - 12 scrolls of remove curse
 k - 2 scrolls of identify
 u - 4 scrolls of fog
 H - a scroll of recharging
 J - a scroll of teleportation
Potions
 d - a potion of berserk rage
 e - 10 potions of curing
 n - 4 potions of haste
 o - 4 potions of resistance
 x - 4 potions of might
 L - a potion of magic
 R - 11 potions of heal wounds
Books
 m - a book of Summonings

   Spells                             Type                      Level
   a - Recall                         Summoning/Translocation      3
   b - Aura of Abjuration             Summoning                    5
   c - Shadow Creatures               Summoning                    5
   d - Summon Demon                   Summoning                    5
   e - Summon Forest                  Summoning/Translocation      5
   f - Summon Mana Viper              Hexes/Summoning              5
   Trog disapproves of the use of such an item.
Miscellaneous
 a - an ornate deck of destruction
 z - a lamp of fire
 N - a box of beasts
Comestibles
 c - 15 bread rations
 C - a beef jerky
 E - a meat ration
 U - 6 chunks of flesh


   Skills:
 + Level 13.0(11.5) Fighting
 - Level 17.4(15.7) Maces & Flails
 + Level 4.6(3.4) Bows
 * Level 16.4(14.8) Armour
 - Level 3.1(1.9) Dodging
 + Level 3.4(2.2) Shields
 + Level 7.8(6.4) Evocations


You had 16 spell levels left.
You didn't know any spells.

Dungeon Overview and Level Annotations

Branches:
Dungeon (15/15)            Temple (0/1) D:5            Lair (8/8) D:9
 Shoals (0/4) Lair:3       Spider (0/4) Lair:6        Slime (0/6) Lair:6
    Orc (4/4) D:10            Elf (3/3) Orc:3        Vaults (0/5) D:14
 Depths (0/5) D:15

Altars:
Cheibriados
Fedhas
Gozag
Nemelex Xobeh
Qazlal
Ru
Xom
Yredelemnul
Beogh
Jiyva

Shops:
D:8 [   D:9 [   Orc:1 :   Orc:2 }   Orc:4 [%!}


Innate Abilities, Weirdness & Mutations

You have hooves in place of feet.
You are mostly covered in large bone plates (AC +3, SH +3).
You are significantly more attuned to the shadows.
You are mostly covered in sharp spines.
Your magical and physical power is slightly enhanced at high health.
You have a pair of small horns on your head.
You have supernaturally acute eyesight.
You can translocate small distances at will.
You are frail (-10% HP).


Message History

Your stone giant hits the deep elf priest!!
The deep elf priest dies!
Trog accepts your kill.
The deep elf conjurer hits your stone giant but does no damage.
Your stone giant hits the deep elf conjurer!!
The deep elf conjurer dies!
Trog accepts your kill.
Trog appreciates your killing of a magic user.
The deep elf fighter points at you and mumbles some strange words.
The magic dart hits you!
* * * LOW HITPOINT WARNING * * *
Your stone giant hits the deep elf mage!!!
The deep elf mage dies!
Trog accepts your kill.
Trog appreciates your killing of a magic user.
There is an open door here.
You feel sick.
The deep elf conjurer gestures at you while chanting.
The bolt of negative energy hits you!
You feel drained.
You die...

##+##.....#. #...........
+......)....
+...#.....C)....
+...#.....))....
#..##.).eee....
#+####..##'#.....#''
#..........'.e...'..
#.........@#.....#..
#######.####..####)....##.
........# #++# ##....#
######### +#### .)..#.#
....#.### ....'...+
....'..# ..(.#.##


You could see a deep elf conjurer, a deep elf fighter, 2 deep elf magi and a
friendly stone giant (berserk).

Vanquished Creatures
  Rupert (Lair:5)
  An acid blob (Lair:6)
  Frances (D:14)
  A fire giant (D:15)
  An orc warlord (Orc:4)
  Louise (D:14)
  Nessos (Lair:5)
  The ghost of bollicks1999 the Cleaver, a journeyman MiFi of Okawaru (Lair:5)
  The ghost of bollicks1999 the Cleaver, a journeyman MiFi of Okawaru (Lair:3)
  4 vault guards (D:14)
  Fannar (Orc:1)
  A deep elf high priest (Elf:2)
  Harold (Lair:3)
  7 hydras
  A catoblepas (Lair:8)
  Erica (Lair:2)
  3 centaur warriors
  15 dancing weapons (Elf:2)
  2 tengu warriors
  An ogre mage (D:15)
  3 death yaks (Lair:8)
  Urug (D:15)
  4 orc high priests (Orc:4)
  Nergalle (Lair:2)
  13 deep elf knights (Elf:2)
  2 unseen horrors
  3 deep elf summoners (Elf:2)
  5 hill giants
  An ugly thing (D:9)
  2 griffons
  4 orc sorcerers
  An oklob plant (Lair:5)
  7 deep elf conjurers
  5 orc knights
  A hornet (D:14)
  9 elephants
  5 cyclopes
  A centaur zombie (D:14)
  A siren (Lair:3)
  8 black mambas
  2 manticores (Lair:8)
  2 gargoyles
  17 spiny frogs
  5 fire drakes
  A queen bee (Lair:2)
  An efreet (D:13)
  8 komodo dragons
  9 deep elf priests
  A tengu conjurer (D:15)
  12 trolls
  6 two-headed ogres
  10 polar bears
  27 blink frogs
  A queen bee (shapeshifter) (D:13)
  Grinder (D:4)
  A trapdoor spider zombie (D:9)
  2 raiju (Lair:8)
  A shadow (D:12)
  5 slime creatures
  2 flying skulls (Volcano)
  A spriggan (D:8)
  80 yaks
  2 vampires (Volcano)
  2 trapdoor spiders
  3 fire bats (Lair:4)
  20 deep elf magi
  A fire elemental (Lair:4)
  2 mottled dragons
  4 vampire mosquitoes (D:15)
  3 basilisks
  7 water elementals (D:15)
  Grum (D:8)
  13 deep elf fighters
  3 hungry ghosts
  A steam dragon (D:9)
  17 hippogriffs
  5 wyverns
  A yak (shapeshifter) (D:10)
  Edmund (D:4)
  A soldier ant (D:14)
  14 wargs
  3 hell hounds (Lair:8)
  30 wolves
  3 sky beasts
  Duvessa (D:5)
  17 water moccasins
  13 ice beasts
  45 orc warriors
  16 black bears
  2 eyes of draining
  8 spiders (Lair:6)
  2 necrophages
  9 porcupines
  20 ogres
  A wasp (D:9)
  An eye of draining (shapeshifter) (D:14)
  9 centaurs
  8 crocodiles
  4 big kobolds
  22 giant frogs
  Blork the orc (D:4)
  4 earth elementals (D:13)
  Dowan (D:5)
  A scorpion (D:13)
  A water moccasin skeleton (D:8)
  43 killer bees
  13 wights
  4 electric eels
  11 crimson imps
  A quasit (D:10)
  3 jellies
  44 orc priests
  Crazy Yiuf (D:2)
  4 centaur skeletons
  2 giant frog skeletons
  16 iguanas
  Terence (D:3)
  19 hounds
  9 worker ants
  Natasha (thrice) (D:2)
  34 orc wizards
  16 sheep
  A hound skeleton (D:9)
  A hound zombie (D:5)
  A mummy (Volcano)
  Robin (D:4)
  18 gnolls
  A worker ant zombie (D:5)
  13 adders
  72 river rats
  A shadow imp (D:15)
  2 oozes (D:3)
  9 giant geckos
  251 orcs
  22 bats
  27 hobgoblins
  12 jackals
  33 kobolds
  A ball python (D:7)
  3 giant cockroaches
  7 giant newts
  22 goblins
  7 quokkas
  16 rats
  A plant (Bazaar)
1387 creatures vanquished.

Vanquished Creatures (collateral kills)
  A deep elf conjurer (Elf:3)
  A deep elf priest (Elf:3)
  A deep elf mage (Elf:3)
3 creatures vanquished.

Vanquished Creatures (others)
  2 vampire mosquitoes (D:15)
  An ogre (D:7)
  A giant frog (D:7)
  2 hounds
  A river rat (Lair:3)
  A ball python (D:7)
  60 fungi
  24 plants
92 creatures vanquished.

Grand Total: 1482 creatures vanquished

Notes
Turn   | Place    | Note
--------------------------------------------------------------
     0 | D:1      | lucasterio the Demonspawn Berserker began the quest for the Orb.
     0 | D:1      | Reached XP level 1. HP: 18/18 MP: 1/1
   337 | D:1      | Gained mutation: You are partially covered in sharp spines. [demonic ancestry]
   337 | D:1      | Reached XP level 2. HP: 24/24 MP: 2/2
   678 | D:2      | Found a basalt altar of Yredelemnul.
   698 | D:2      | Noticed Natasha
   704 | D:2      | HP: 1/36 [Natasha (8)]
   706 | D:2      | Killed Natasha
   706 | D:2      | Reached XP level 3. HP: 1/29 MP: 3/3
   838 | D:2      | Noticed Natasha
  1065 | D:2      | Reached ** piety under Trog
  1261 | D:2      | Killed Natasha
  1261 | D:2      | Reached skill level 4 in Maces & Flails
  1261 | D:2      | Reached XP level 4. HP: 25/35 MP: 4/4
  1606 | D:2      | Noticed Natasha
  1612 | D:2      | Killed Natasha
  1932 | D:2      | Noticed Crazy Yiuf
  1938 | D:2      | Killed Crazy Yiuf
  2083 | D:3      | Noticed Terence
  2092 | D:3      | Gained mutation: You are mostly covered in sharp spines. [demonic ancestry]
  2092 | D:3      | Reached XP level 5. HP: 37/41 MP: 5/5
  2099 | D:3      | Killed Terence
  2234 | D:3      | Reached skill level 5 in Maces & Flails
  2235 | D:3      | Reached *** piety under Trog
  2348 | D:3      | Found an opulent altar of Gozag.
  2348 | D:3      | Found a snail-covered altar of Cheibriados.
  2389 | D:3      | Gained mutation: You have large cloven feet. [demonic ancestry]
  2389 | D:3      | Reached XP level 6. HP: 47/47 MP: 6/6
  2873 | D:4      | Noticed Grinder
  2884 | D:4      | Killed Grinder
  2884 | D:4      | Reached skill level 6 in Maces & Flails
  2884 | D:4      | Gained mutation: You have hoof-like feet. [demonic ancestry]
  2884 | D:4      | Reached XP level 7. HP: 52/52 MP: 7/7
  2949 | D:4      | Noticed Edmund
  2964 | D:4      | Killed Edmund
  3035 | D:4      | Noticed Robin
  3036 | D:4      | Found a blossoming altar of Fedhas.
  3038 | D:4      | Noticed Blork the orc
  3040 | D:4      | Killed Robin
  3044 | D:4      | Reached **** piety under Trog
  3049 | D:4      | Killed Blork the orc
  3049 | D:4      | Reached skill level 7 in Maces & Flails
  3289 | D:5      | Entered Level 5 of the Dungeon
  3332 | D:5      | Found a staircase to the Ecumenical Temple.
  3453 | D:5      | Noticed Duvessa
  3453 | D:5      | Noticed Dowan
  3457 | D:5      | Killed Duvessa
  3457 | D:5      | Reached skill level 5 in Armour
  3459 | D:5      | Killed Dowan
  3459 | D:5      | Gained mutation: You are slightly more attuned to the shadows. [demonic ancestry]
  3459 | D:5      | Reached XP level 8. HP: 58/58 MP: 8/8
  3753 | D:5      | Found a sparkling altar of Nemelex Xobeh.
  3965 | D:6      | Reached skill level 8 in Maces & Flails
  4548 | D:7      | Reached skill level 9 in Maces & Flails
  4552 | D:7      | Gained mutation: You are significantly more attuned to the shadows. [demonic ancestry]
  4552 | D:7      | Reached XP level 9. HP: 63/63 MP: 9/9
  4603 | D:7      | Reached skill level 10 in Maces & Flails
  4748 | D:7      | Reached ***** piety under Trog
  5389 | D:7      | Found a shimmering altar of Xom.
  5509 | D:8      | Reached skill level 11 in Maces & Flails
  5509 | D:8      | Gained mutation: You have hooves in place of feet. [demonic ancestry]
  5509 | D:8      | Reached XP level 10. HP: 38/70 MP: 10/10
  5674 | D:8      | Noticed Grum
  5688 | D:8      | Killed Grum
  5772 | D:8      | Received a gift from Trog
  5773 | D:8      | Got a fine dire flail {god gift}
  5776 | D:8      | Identified the +11 dire flail "Toomoc" {crush, rF+ Str+7 Int-2} (Trog gifted it to you on level 8 of the Dungeon)
  5870 | D:8      | Found a stormy altar of Qazlal.
  6056 | D:8      | Found Neoxzov's Antique Armour Boutique.
  6062 | D:8      | Bought a shiny helmet for 148 gold pieces
  6082 | D:8      | Found a shimmering altar of Xom.
  6270 | D:8      | Found a sacrificial altar of Ru.
  6567 | D:9      | Found Axky's Armour Shoppe.
  6831 | D:9      | Reached skill level 12 in Maces & Flails
  6835 | D:9      | Noticed a cyan ugly thing
  6840 | D:9      | Killed a cyan ugly thing
  6927 | D:9      | Gained mutation: You are partially covered in large bone plates (AC +2, SH +2). [demonic ancestry]
  6927 | D:9      | Reached XP level 11. HP: 52/75 MP: 11/11
  7204 | D:9      | Received a gift from Trog
  7319 | D:9      | Found a staircase to the Lair.
  7440 | D:10     | Entered Level 10 of the Dungeon
  7461 | D:10     | Received a gift from Trog
  7520 | D:10     | Reached skill level 13 in Maces & Flails
  7857 | D:10     | Reached ****** piety under Trog
  7884 | D:10     | Found a staircase to the Orcish Mines.
  7913 | D:10     | Killed an unseen horror
  7991 | Lair:1   | Entered Level 1 of the Lair of Beasts
  8158 | Lair:1   | Reached skill level 10 in Armour
  8600 | Lair:1   | Reached skill level 14 in Maces & Flails
  9078 | Lair:2   | Noticed Erica
  9082 | Lair:2   | Killed Erica
  9324 | Lair:2   | Received a gift from Trog
  9339 | Lair:2   | Reached XP level 12. HP: 78/80 MP: 12/12
  9842 | Lair:2   | Noticed Nergalle
  9850 | Lair:2   | Killed Nergalle
 10360 | Lair:3   | Noticed bollicks1999's ghost (journeyman MiFi)
 10801 | Lair:3   | Reached skill level 15 in Maces & Flails
 10811 | Lair:3   | Received a gift from Trog
 11333 | Lair:3   | You fall through a shaft for 2 floors!
 11335 | Lair:5   | Noticed Nessos
 11340 | Lair:5   | Killed Nessos
 11407 | Lair:4   | Noticed an eight-headed hydra
 11413 | Lair:4   | Killed an eight-headed hydra
 11478 | Lair:3   | Killed bollicks1999's ghost
 11597 | Lair:3   | Noticed Harold
 11606 | Lair:3   | Killed Harold
 11819 | Lair:3   | Found a staircase to the Shoals.
 11970 | Lair:4   | You fall through a shaft!
 12070 | Lair:4   | Received a gift from Trog
 12070 | Lair:4   | Reached skill level 16 in Maces & Flails
 12122 | Lair:4   | Reached XP level 13. HP: 70/85 MP: 4/13
 12612 | Lair:4   | Reached skill level 1 in Shields
 13420 | D:9      | Bought a +0 plate armour of cold resistance for 360 gold pieces
 13667 | Lair:5   | Noticed a six-headed hydra
 13673 | Lair:5   | Killed a six-headed hydra
 13875 | Lair:5   | Noticed a six-headed hydra
 13880 | Lair:5   | Killed a six-headed hydra
 13935 | Lair:5   | Reached skill level 5 in Fighting
 14291 | Lair:5   | Noticed Rupert
 14303 | Lair:5   | Killed Rupert
 14963 | Lair:5   | Noticed bollicks1999's ghost (journeyman MiFi)
 14973 | Lair:5   | Killed bollicks1999's ghost
 14991 | Lair:5   | Received a gift from Trog
 15706 | Lair:6   | Found a hole to the Spider Nest.
 16262 | Lair:6   | Found a runed door.
 16263 | Lair:6   | Found a viscous altar of Jiyva.
 16265 | Lair:6   | Noticed an acid blob
 16266 | Lair:6   | Found a staircase to the Slime Pits.
 16272 | Lair:6   | Killed an acid blob
 16272 | Lair:6   | Reached XP level 14. HP: 46/102 MP: 14/14
 16897 | Lair:7   | Received a gift from Trog
 17099 | Lair:7   | Got a dazzling chain mail
 17627 | Lair:8   | Entered Level 8 of the Lair of Beasts
 18096 | Lair:8   | Received a gift from Trog
 19526 | Lair:8   | Got an ancient fire dragon armour
 19542 | Lair:8   | Identified the +1 fire dragon armour "Qaojemask" {+Fly rF++ rC- rN+ Int+2} (You found it on level 8 of the Lair of Beasts)
 19552 | Lair:8   | Identified the +6 chain mail of Repulsion {rElec rF- rN+} (You found it on level 7 of the Lair of Beasts)
 19648 | Lair:8   | Reached skill level 10 in Fighting
 19725 | Lair:8   | Received a gift from Trog
 19726 | Lair:8   | Got a faintly glowing dire flail {god gift}
 19741 | Lair:8   | Identified the +1 dire flail of Crusades {drain, +Blink} (Trog gifted it to you on level 8 of the Lair of Beasts)
 20474 | Orc:1    | Entered Level 1 of the Orcish Mines
 20474 | Orc:1    | Found Ejyn's Book Boutique.
 20481 | Orc:1    | Gained mutation: You are mostly covered in large bone plates (AC +3, SH +3). [demonic ancestry]
 20481 | Orc:1    | Reached XP level 15. HP: 117/117 MP: 15/15
 20513 | Orc:2    | Received a gift from Trog
 20613 | Orc:1    | Found a dark tunnel.
 21006 | Volcano  | Entered a volcano
 21664 | Orc:1    | Noticed Fannar
 21675 | Orc:1    | Killed Fannar
 21886 | Orc:2    | Found Qareto's Gadget Shop.
 22029 | Orc:2    | Received a gift from Trog
 22176 | Orc:3    | Found a shimmering altar of Xom.
 22456 | Orc:4    | Entered Level 4 of the Orcish Mines
 22544 | Orc:3    | Found a staircase to the Elven Halls.
 22629 | Orc:3    | Received a gift from Trog
 22903 | Orc:3    | Reached skill level 17 in Maces & Flails
 23192 | Orc:4    | Received a gift from Trog
 23537 | Orc:4    | Found a roughly hewn altar of Beogh.
 23878 | Orc:4    | Found Uteok's Food Emporium.
 23901 | Orc:4    | Found Sucw's Armour Shoppe.
 24194 | Orc:4    | Paralysed by an orc sorcerer for 6 turns
 24438 | Orc:4    | Found Uqydghes's Gadget Shoppe.
 24456 | Orc:4    | Received a gift from Trog
 24521 | Orc:4    | Found a roughly hewn altar of Beogh.
 24780 | Orc:4    | Reached skill level 15 in Armour
 24974 | Orc:4    | Found Wublil's Distillery.
 25014 | Orc:4    | Bought a potion of curing for 48 gold pieces
 25014 | Orc:4    | Bought a potion of heal wounds for 80 gold pieces
 25014 | Orc:4    | Bought a potion of curing for 48 gold pieces
 25014 | Orc:4    | Bought 2 potions of heal wounds for 160 gold pieces
 25303 | Orc:2    | Bought a lamp of fire for 520 gold pieces
 25680 | D:10     | Noticed a hill giant
 25684 | D:10     | Killed a hill giant
 25864 | D:11     | Received a gift from Trog
 25865 | D:11     | Reached skill level 1 in Evocations
 25970 | D:11     | Found a flickering gateway to a bazaar.
 25978 | Bazaar   | Entered a bazaar
 25984 | Bazaar   | Found Ofeor's Weapon Boutique.
 26015 | Bazaar   | Found Ciots's Book Shop.
 26031 | Bazaar   | Found Xupy's General Store.
 26055 | Bazaar   | Found Zorch's Distillery.
 26130 | Bazaar   | Bought the +11 shortbow of the Slime-mould {freeze, Str-5 Dex+5} for 876 gold pieces
 26157 | Bazaar   | Bought 3 scrolls of remove curse for 108 gold pieces
 26311 | D:11     | Found a flagged portal.
 26327 | Bailey   | Entered a bailey
 26548 | Bailey   | Received a gift from Trog
 27852 | D:12     | You fall through a shaft for 3 floors!
 27852 | D:15     | Entered Level 15 of the Dungeon
 28748 | D:13     | Received a gift from Trog
 29303 | D:14     | Found a gate to the Vaults.
 29334 | D:14     | Reached skill level 5 in Evocations
 29341 | D:14     | Noticed Louise
 29360 | D:14     | Killed Louise
 29543 | D:14     | Reached XP level 16. HP: 111/127 MP: 19/19
 30214 | D:14     | Noticed Frances
 30223 | D:14     | Killed Frances
 30422 | D:14     | Received a gift from Trog
 30522 | D:14     | Reached skill level 1 in Bows
 30707 | D:15     | Got a twisted hand axe
 30770 | D:15     | Received a gift from Trog
 30905 | D:15     | Noticed Urug
 30911 | D:15     | Killed Urug
 31066 | D:15     | Found a staircase to the Depths.
 31486 | D:15     | Found a portal to a secret trove of treasure.
 31837 | Lair:2   | Gained mutation: Your magical and physical power is slightly enhanced at high health. [demonic ancestry]
 31837 | Lair:2   | Reached XP level 17. HP: 135/135 MP: 21/21
 31837 | Lair:2   | Gained mutation: You have supernaturally acute eyesight. [mutagenic glow]
 32083 | D:15     | You paid a toll of a +4 demon whip to enter a treasure trove
 32084 | Trove    | Entered a treasure trove
 32102 | Trove    | Got a brightly glowing steel ring
 32108 | Trove    | Got a polished chain mail
 32117 | Trove    | Got a bone lajatang
 32140 | D:15     | Identified the cursed +1 chain mail of Negligence {Str+4} (You found it in a treasure trove)
 32148 | D:15     | Identified the ring "Raba" {rC+ MP+9 Dex+3} (You found it in a treasure trove)
 32157 | D:15     | Identified the cursed +0 lajatang "Puimyelu" {drain, rN+ MR++ Dex-2} (You found it in a treasure trove)
 32438 | Lair:2   | Upgraded the game from 0.17.0-73-gb648821 to 0.17.1-1-g73c8601
 32492 | Lair:2   | Gained mutation: You can translocate small distances at will. [potion of mutation]
 32492 | Lair:2   | Gained mutation: You are frail (-10% HP). [potion of mutation]
 32492 | Lair:2   | Gained mutation: You have a pair of small horns on your head. [potion of mutation]
 32698 | Elf:1    | Entered Level 1 of the Elven Halls
 34312 | Elf:2    | Received a gift from Trog
 34537 | Elf:2    | Found a huge runed gate.
 34537 | Elf:2    | Found a huge runed gate.
 34537 | Elf:2    | Found a huge runed gate.
 34537 | Elf:2    | Found a huge runed gate.
 34537 | Elf:2    | Found a huge runed gate.
 34622 | Elf:2    | Received a gift from Trog
 36155 | Elf:3    | Entered Level 3 of the Elven Halls
 36571 | Elf:3    | Killed from afar by a deep elf conjurer

Action                   |  1- 3 |  4- 6 |  7- 9 | 10-12 | 13-15 | 16-18 || total
-------------------------+-------+-------+-------+-------+-------+-------++-------
Melee: Mace              |    61 |    81 |    12 |       |       |     7 ||   161
       Flail             |       |       |   169 |    55 |       |       ||   224
       Dire flail        |       |       |       |   461 |  1484 |   120 ||  2065
       Great mace        |       |       |       |     9 |     6 |       ||    15
       Lajatang          |       |       |       |       |       |   223 ||   223
       Quick blade       |       |       |       |       |       |    25 ||    25
Throw: Tomahawk          |       |       |       |       |     1 |       ||     1
Invok: Berserk           |     2 |     4 |     5 |     4 |    16 |     5 ||    36
       Burn Spellbooks   |       |       |       |       |     3 |     2 ||     5
       Trog's Hand       |       |       |       |       |     1 |     2 ||     3
       Brothers in Arms  |       |       |       |       |       |     1 ||     1
 Abil: Evoke Flight      |       |       |       |       |     2 |       ||     2
  Use: Scroll            |       |       |       |    11 |     8 |    12 ||    31
       Potion            |       |       |       |       |     2 |     2 ||     4
 Stab: Sleeping          |       |       |     2 |    13 |     2 |       ||    17
  Eat: Chunk             |     2 |     4 |    13 |    22 |    57 |    14 ||   112
       Meat ration       |       |     1 |     1 |       |     1 |     1 ||     4
       Royal jelly       |       |       |       |       |     1 |       ||     1
       Bread ration      |       |       |       |       |     2 |     2 ||     4
       Fruit             |       |       |       |       |     1 |       ||     1
